[Event "Israel Open Championship 2023"]
[Site "Acre"]
[Date "2024.01.28"]
[Round "8.1"]
[White "Tzidkiya, Yeshaayahu"]
[Black "Rozen, Eytan"]
[Result "1/2-1/2"]
[ECO "B11"]
[WhiteElo "2448"]
[BlackElo "2462"]
[Annotator "RC"]
[PlyCount "26"]
[EventDate "2024.01.18"]
[EventType "swiss"]
[EventCountry "ISR"]
[SourceTitle "playchess.com"]
[Source "ChessBase"]
[SourceQuality "1"]
[TimeControl "5400+30"]

1. e4 c6 2. Nc3 d5 3. Nf3 Bg4 4. Be2 e6 5. O-O Nd7 6. d4 dxe4 7. Nxe4 Ngf6 8. Nxf6+ Nxf6 9. c4 Bd6 10. Ne5 Bxe2 11. Qxe2 O-O 12. Bg5 Be7 13. Rfd1 Nd7 1/2-1/2

[Event "Israel Open Championship 2023"]
[Site "Acre"]
[Date "2024.01.28"]
[Round "8.2"]
[White "Postny, Evgeny"]
[Black "Bronstein, Or"]
[Result "1/2-1/2"]
[ECO "D00"]
[WhiteElo "2597"]
[BlackElo "2441"]
[Annotator "RC"]
[PlyCount "158"]
[EventDate "2024.01.18"]
[EventType "swiss"]
[EventCountry "ISR"]
[SourceTitle "playchess.com"]
[Source "ChessBase"]
[SourceQuality "1"]
[TimeControl "5400+30"]

1. d4 Nf6 2. Bg5 d5 3. e3 c5 4. Bxf6 gxf6 5. Bb5+ Nc6 6. dxc5 Qa5+ 7. Nc3 a6 8. Bxc6+ bxc6 9. Nge2 Qxc5 10. O-O Rb8 11. e4 e6 12. Re1 Be7 13. Qd3 Qd6 14. b3 O-O 15. Rad1 Kh8 16. Ng3 Rg8 17. Qf3 Bb7 18. Nce2 Qe5 19. Nf4 Qg5 20. c4 Bb4 21. Rf1 Bd6 22. Nfh5 Rg6 23. Qe3 Rh6 24. f4 Qh4 25. e5 Bc7 26. Nxf6 d4 27. Rxd4 Bb6 28. Rfd1 Bxd4 29. Qxd4 Qxh2+ 30. Kf2 Rg6 31. Qe3 c5 32. Rh1 Qxg2+ 33. Ke1 Rxf6 34. exf6 Rd8 35. Rg1 Qc2 36. Ne2 Rd1+ 37. Kf2 Rd3 38. Rc1 Rxe3 39. Rxc2 Rf3+ 40. Kg1 h5 41. Rd2 Be4 42. Rd7 Kg8 43. Rc7 Bd3 44. Nc3 Rxf4 45. Rxc5 Rf1+ 46. Kh2 Rc1 47. Rg5+ Kh7 48. Na4 h4 49. Nc5 Bf5 50. Rg7+ Kh6 51. Rxf7 Rc2+ 52. Kg1 Kg6 53. Rg7+ Kxf6 54. Rg2 Rc1+ 55. Kh2 h3 56. Re2 a5 57. Nd7+ Kg5 58. Nc5 Bg4 59. Rf2 Bf5 60. Re2 Bg4 61. Rf2 Re1 62. Nd3 Re3 63. Rd2 Bf5 64. Nf2 Kf4 65. Nd1 Re1 66. Nf2 Ke3 67. Rb2 Rb1 68. Rxb1 Bxb1 69. Ng4+ Kd4 70. a3 Bf5 71. Nh6 Bc2 72. b4 axb4 73. axb4 Kxc4 74. Kxh3 Kxb4 75. Kg3 Kc3 76. Kf4 Kd4 77. Ng4 Bb3 78. Ne5 Bd5 79. Ng4 Bc6 1/2-1/2

[Event "Israel Open Championship 2023"]
[Site "Acre"]
[Date "2024.01.28"]
[Round "8.3"]
[White "Smirin, Ilia"]
[Black "Levin, Guy"]
[Result "1-0"]
[ECO "B15"]
[WhiteElo "2582"]
[BlackElo "2435"]
[Annotator "TA"]
[PlyCount "99"]
[EventDate "2024.01.18"]
[EventType "swiss"]
[EventCountry "ISR"]
[SourceTitle "playchess.com"]
[Source "ChessBase"]
[SourceQuality "1"]
[TimeControl "5400+30"]

1. e4 c6 2. d4 d5 3. Nd2 dxe4 4. Nxe4 Nf6 5. Nxf6+ exf6 6. c3 Bd6 7. Bd3 O-O 8. Qc2 Re8+ {[%emt 0:00:06] B15: Caro-Kann: 3 Nc3: 3...g6 and 3...dxe4 4 Nxe4 Nf6 5 Nxf6+ exf6.} 9. Ne2 h5 10. Be3 Nd7 11. O-O-O Nf8 {[%emt 0:00:24] 11...b5 is the fancy move.} 12. Kb1 Be6 13. c4 Qa5 14. Bd2 Bb4 15. Nc3 Rad8 $146 (15... b5 {is more complex.} 16. d5 bxc4 17. dxe6 cxd3 18. exf7+ Kxf7 19. Qxd3 Red8) ({Predecessor:} 15... b5 16. a3 bxc4 17. axb4 cxd3 18. bxa5 dxc2+ 19. Kxc2 Rab8 20. Rde1 Red8 21. Be3 Bf5+ {1-0 Zwahr,P (2278)-Mueller,M (2124) GER-ch Net blitz qual4 2020 (2)}) 16. a3 Bxc3 17. Bxc3 Qc7 18. h3 a6 19. Qd2 Qb8 20. g4 b5 21. cxb5 cxb5 22. gxh5 Qb7 {[%emt 0:07:58] [#]} (22... Rd5 $142) 23. Rhg1 (23. Qf4 $1 $16 Qd5 24. Rdg1) 23... Qf3 $14 24. h6 g6 $1 25. Rg3 Qh5 $1 26. Re1 Bf5 (26... Bd5 $1 $11 {remains equal.}) 27. Rxe8 $16 Rxe8 {[%emt 0:00:01] [#]} 28. d5 (28. Bxf5 $1 $16 Qxf5+ 29. Qd3 Qxd3+ 30. Rxd3) 28... Re2 $2 (28... Rd8 $1 $11) 29. Qf4 $18 Bxd3+ (29... Re5 $142) 30. Rxd3 $18 Nd7 31. Bxf6 Nxf6 (31... Re1+ $142 32. Ka2 Rd1 33. Rxd1 Qxd1) 32. Qxf6 $18 Qxh6 33. Rc3 (33. Qxa6 Re1+ 34. Ka2 Qc1 35. Qxb5 Qb1+ 36. Kb3 Re2 $18) 33... Re8 34. Rc7 Rf8 35. Qxa6 b4 36. Rc8 (36. axb4 Qf4 37. Qb7 Qxf2 $11) 36... Qxh3 37. Rxf8+ Kxf8 38. Qd6+ (38. axb4 Qf5+ 39. Ka1 Qxd5 $16) 38... Kg8 $2 (38... Kg7 39. axb4 (39. Qxb4 Qh1+ 40. Ka2 Qxd5+ 41. Qb3 Qd8 $11) (39. Qe5+ Kg8 $16) 39... Qd3+ 40. Ka2 g5) 39. axb4 $18 ({Weaker is} 39. Qb8+ Kh7 $18) 39... Qd3+ 40. Ka2 Qc4+ 41. Ka3 Qd3+ 42. Ka4 Qc2+ 43. Ka5 Qxf2 44. Qc5 Qd2 45. d6 (45. Kb6 $142 f6 46. d6) 45... g5 46. Qc8+ Kh7 47. d7 Qd5+ 48. b5 Qd2+ 49. Ka6 Qd6+ 50. b6 1-0

[Event "Israel Open Championship 2023"]
[Site "Acre"]
[Date "2024.01.28"]
[Round "8.4"]
[White "Parkhov, Yair"]
[Black "Mikhalevski, Victor"]
[Result "1/2-1/2"]
[ECO "D87"]
[WhiteElo "2495"]
[BlackElo "2524"]
[Annotator "TA"]
[PlyCount "87"]
[EventDate "2024.01.18"]
[EventType "swiss"]
[EventCountry "ISR"]
[SourceTitle "playchess.com"]
[Source "ChessBase"]
[SourceQuality "1"]
[TimeControl "5400+30"]

1. d4 Nf6 2. c4 g6 3. Nc3 d5 4. cxd5 Nxd5 5. e4 Nxc3 6. bxc3 Bg7 7. Bc4 c5 8. Ne2 O-O 9. O-O Nc6 10. Be3 b6 11. Rc1 Bb7 12. Bb5 Rc8 13. Bxc6 Bxc6 14. d5 Bd7 15. c4 f5 16. exf5 Bxf5 17. Qd2 e6 18. Nc3 exd5 19. Nxd5 Qd7 20. Bh6 Bxh6 21. Qxh6 Be6 22. Ne3 Rcd8 23. h4 Qg7 24. Qxg7+ Kxg7 25. Rc2 {[%emt 0:01:40] Prevents Rd2.} Rd4 26. g3 Bd7 27. a4 $1 {[%emt 0:02:26] The position is equal.} Rf7 28. Ra1 Bc6 29. a5 Bf3 30. axb6 axb6 31. Rb2 Rd6 32. Rab1 Rff6 33. Ra1 h6 34. Ra7+ Rf7 35. Ra6 Rff6 36. Ra7+ Rf7 37. Ra6 Rff6 38. Kh2 h5 39. Ra7+ Rf7 40. Ra6 Bb7 41. Ra3 Be4 42. Ra6 Bb7 43. Ra3 Be4 44. Ra6 {[%emt 0:00:00] Weighted Error Value: White=0.06 (flawless) /Black=0.05 (flawless) .  Inaccurate:     	White=2     	Black=3      OK:         	White=14    	Black=13     Strong:       	White=1     	---} 1/2-1/2

[Event "Israel Open Championship 2023"]
[Site "Acre"]
[Date "2024.01.28"]
[Round "8.5"]
[White "Kochavi, Ori"]
[Black "Alekseev, Evgeny"]
[Result "0-1"]
[ECO "B90"]
[WhiteElo "2428"]
[BlackElo "2563"]
[Annotator "TA"]
[PlyCount "106"]
[EventDate "2024.01.18"]
[EventType "swiss"]
[EventCountry "ISR"]
[SourceTitle "playchess.com"]
[Source "ChessBase"]
[SourceQuality "1"]
[TimeControl "5400+30"]

1. e4 c5 2. Nf3 d6 3. d4 cxd4 4. Nxd4 Nf6 5. Nc3 a6 6. Nf3 Nc6 {[%emt 0:11:09] B90: Sicilian Najdorf: Unusual White 6th moves, 6 Be3 Ng4 and 6 Be3 e5.} 7. a4 e6 8. Bd3 Be7 9. O-O O-O 10. h3 b6 11. Qe2 $146 ({Predecessor:} 11. Be3 Nb4 12. Qe2 Bb7 13. Nd4 Rc8 14. Rad1 Qc7 15. f4 Rfe8 16. Qf2 Qd8 17. Qg3 {½-½ Rodriguez Perez,R (2056)-Farnik,K (2152) FICGS class A 000203 email 2019 (1)}) 11... Bb7 12. Bf4 Nd7 13. Rfd1 Qc7 14. Qe1 Rfd8 15. Bf1 Nde5 16. Nd2 Na5 17. Be3 Bf6 18. f4 Nd7 19. Ra3 Nc6 20. Qf2 Rac8 21. Raa1 Nc5 22. Rab1 Nb4 23. Nc4 Be7 24. Bd4 Rb8 25. e5 d5 $1 26. Nd6 $1 Nc6 27. b4 (27. Be3 $11) 27... Nxd4 $15 28. Qxd4 {[%emt 0:00:09] [#]} Nd7 (28... Rxd6 $1 $17 29. exd6 Bxd6) 29. Nxb7 $1 $11 Qxb7 30. Bd3 {[%emt 0:00:41] [#]} (30. Kh1 $11) 30... a5 $1 $17 31. Nb5 (31. bxa5 $2 Bc5 32. Ne2 Bxd4+ $19) 31... Bxb4 32. Kh1 g6 33. Qf2 Be7 34. Rf1 Nc5 35. f5 (35. Ra1 $17) 35... exf5 $19 (35... gxf5 36. Rbe1 $17) 36. Bxf5 $2 (36. Qg3 {was worth a try.}) 36... gxf5 $19 37. Qxf5 Rf8 (37... Nxa4 38. Qg4+ (38. Qxf7+ $2 Kh8 $17) 38... Kh8 39. Rxf7 $18 (39. Qxa4 d4 $11)) 38. Nd6 Qd7 39. Qh5 Qe6 (39... Nxa4 $2 40. Rxf7 Rxf7 41. Qxf7+ Kh8 42. Nf5 $18 (42. Qxd5 $2 Nc5 $19) (42. Qxd5 $2 Nc5 $19)) (39... Qxa4 40. Nf5 Bd8 41. e6 $11) 40. Nf5 Kh8 (40... Qxe5 $2 {loses.} 41. Nh6+ Kh8 42. Nxf7+ (42. Qxe5+ f6 $18) 42... Rxf7 43. Qxe5+ $18) 41. c4 dxc4 42. Rf3 Qg6 (42... Qxe5 $2 43. Re3 Qf4 (43... Ne4 $2 44. Qf3 $19) 44. Rxe7 $19) 43. Qxg6 fxg6 44. Nxe7 Rxf3 ({Resist} 44... Nxa4 45. Ra3 Nc5 46. Nc6 $19) 45. gxf3 Nxa4 46. Rd1 $2 (46. Kg2) 46... c3 $19 47. Nc6 Rc8 48. e6 Rxc6 49. e7 Re6 50. Rd8+ Kg7 51. e8=Q Rxe8 52. Rxe8 b5 53. Kg2 b4 0-1

[Event "Israel Open Championship 2023"]
[Site "Acre"]
[Date "2024.01.28"]
[Round "8.6"]
[White "Gorshtein, Ido"]
[Black "Liubarov, Mark"]
[Result "1-0"]
[ECO "D35"]
[WhiteElo "2523"]
[BlackElo "2305"]
[Annotator "TA"]
[PlyCount "129"]
[EventDate "2024.01.18"]
[EventType "swiss"]
[EventCountry "ISR"]
[SourceTitle "playchess.com"]
[Source "ChessBase"]
[SourceQuality "1"]
[TimeControl "5400+30"]

1. d4 Nf6 2. c4 e6 3. Nc3 d5 4. cxd5 exd5 5. Bg5 Be7 6. e3 O-O 7. Bd3 h6 8. Bh4 b6 9. Nge2 {[%emt 0:02:39] D35: Queen's Gambit Declined: Exchange Variation.} c5 10. O-O Bb7 11. Rc1 Nbd7 12. Bf5 g6 13. Bxd7 $146 ({Predecessor:} 13. Bb1 Rc8 14. f3 Re8 15. Bf2 Nf8 16. Qd2 Ne6 17. Rcd1 Bf8 18. Bg3 cxd4 19. exd4 {½-½ Dubreuil,J (2304)-Mayer,I (2141) Budapest FS07 IM-A 2007 (9)}) 13... Qxd7 14. dxc5 bxc5 15. Bxf6 Bxf6 16. Na4 c4 17. Rxc4 Rfd8 18. Nc5 Qe7 19. Rc2 Rac8 20. Nxb7 Qxb7 21. Rxc8 Rxc8 22. b3 Qb4 23. Nf4 d4 24. Nd5 Qd6 25. Nxf6+ Qxf6 26. Qxd4 Qxd4 27. exd4 Rc2 {[%emt 0:00:23] [#]} 28. Ra1 $1 f5 (28... Rb2 $16 {is a better defense.} 29. g3 Rd2) 29. g3 Kf7 30. Kg2 Ke6 31. Re1+ Kf6 32. a4 Rd2 33. Rc1 Rxd4 34. Rc6+ Kg5 35. h4+ Kh5 36. Rc4 Rd3 37. b4 Ra3 {[%emt 0:00:52] [#]} (37... Rb3 $16 38. b5 Ra3) 38. a5 $1 $18 Rb3 39. a6 g5 (39... Rb2 {was worth a try.} 40. Kf3 Rb1) 40. hxg5 $18 hxg5 (40... Kxg5 $142 41. Rc7 Rxb4 42. Rxa7 Ra4) 41. Rc7 $18 Rxb4 42. Rxa7 Ra4 43. Ra8 Kg6 (43... Kh6 $142 44. Kf1 Kg7) 44. a7 $18 Kg7 (44... Kh7 $142 45. Kf1 Kg7) 45. f3 $18 Ra2+ 46. Kf1 Kh7 47. Ke1 Kg7 $2 (47... f4 48. g4 Kg7) 48. Kd1 $18 Kh7 49. Kc1 Kg7 50. Kb1 Ra5 $2 (50... Ra6 51. Kc2 f4) 51. Kb2 $18 Ra6 52. Kb3 Ra1 53. Kb4 Ra2 54. Kc5 $2 (54. Kb5 Ra3 55. Kb6 Rb3+ 56. Kc5) 54... Ra3 $2 (54... Ra6 55. Kb5 Ra1) 55. f4 $2 ({White must play} 55. Kb5 $18 {Kc6 would now be deadly.} Ra1 56. Kb6 Rb1+ 57. Kc6) 55... Kh7 $2 (55... gxf4 $11 56. gxf4 Ra6) 56. Kd5 (56. fxg5 Ra2 57. Kd6 Ra6+ 58. Ke5 Kg7 59. Kxf5 Ra4 $18) 56... Kg7 57. Ke5 ({Weaker is} 57. fxg5 Rd3+ 58. Ke5 Ra3 59. Kxf5 Ra2 $18) 57... Ra5+ 58. Ke6 Ra4 59. Kxf5 gxf4 60. gxf4 Ra5+ 61. Ke4 Ra4+ 62. Kd3 Ra3+ 63. Kc2 Ra5 64. f5 Ra6 65. f6+ 1-0

[Event "Israel Open Championship 2023"]
[Site "Acre"]
[Date "2024.01.28"]
[Round "8.7"]
[White "Flom, Gabriel"]
[Black "Shohat, Yotam"]
[Result "1/2-1/2"]
[ECO "D35"]
[WhiteElo "2421"]
[BlackElo "2328"]
[Annotator "TA"]
[PlyCount "59"]
[EventDate "2024.01.18"]
[EventType "swiss"]
[EventCountry "ISR"]
[SourceTitle "playchess.com"]
[Source "ChessBase"]
[SourceQuality "1"]
[TimeControl "5400+30"]

1. d4 Nf6 2. c4 e6 3. Nc3 d5 4. cxd5 Nxd5 5. e4 Nxc3 6. bxc3 c5 7. Rb1 Be7 8. Nf3 O-O 9. h4 cxd4 {[%emt 0:08:50] Black has an edge.} 10. cxd4 Nc6 11. h5 h6 12. Bb5 Qc7 13. Qc2 (13. O-O $14) 13... Bd7 14. d5 ({White should play} 14. O-O $11 a6 15. Be2) 14... exd5 $15 15. exd5 {[%emt 0:00:07][%cal Oe1g1] 0-0! is the strong threat.} Qa5+ 16. Qd2 $1 {[%emt 0:02:06][%cal Od2a5] Qxa5! would now be deadly.} Bb4 17. Rxb4 Nxb4 18. Bxd7 Rad8 19. Ne5 {[%emt 0:01:39] [#]} Rxd7 $1 20. Nxd7 Re8+ 21. Kf1 {[%emt 0:00:16][%cal Od7f6] aiming for Nf6+!} Qb5+ 22. Kg1 Nxd5 (22... Qxd7 $2 {perishes.} 23. Qxb4 Qxd5 24. Qg4 $18) 23. Rh4 {[%emt 0:00:30][%cal Bh1h4,Bh4d4,Bd4d5][%mdl 32] Threatens to win with Rd4!} Qxd7 24. Rd4 Rd8 25. Bb2 Qe6 26. g4 {[%emt 0:08:14] [#]} Re8 27. Rxd5 $11 {[%emt 0:01:14] Black must now prevent Qd4. The position is equal.} Qxg4+ 28. Kf1 {[%emt 0:00:02] And now Qd3 would win.} Qh3+ (28... Qf3 $5 29. Kg1 $8 Qg4+ 30. Kh2 Qh4+ 31. Kg2 Qg4+ 32. Kh2 Qh4+ 33. Kg2 Qg4+ 34. Kh2 $11) 29. Kg1 Qg4+ $1 30. Kf1 {[%emt 0:00:02] Weighted Error Value: White=0.15 (very precise) /Black=0.08 (flawless) .  Mistake:       	White=2     	Black=1      Inaccurate:     	White=2     	Black=1      OK:         	White=9     	Black=11     Best:        	White=3     	Black=2      Strong:       	White=1     	Black=1      Brilliant:      	---       	Black=1} 1/2-1/2

[Event "Israel Open Championship 2023"]
[Site "Acre"]
[Date "2024.01.28"]
[Round "8.8"]
[White "Baron, Tal"]
[Black "Tifferet, Shakked"]
[Result "1-0"]
[ECO "B33"]
[WhiteElo "2490"]
[BlackElo "2334"]
[Annotator "RC"]
[PlyCount "181"]
[EventDate "2024.01.18"]
[EventType "swiss"]
[EventCountry "ISR"]
[SourceTitle "playchess.com"]
[Source "ChessBase"]
[SourceQuality "1"]
[TimeControl "5400+30"]

1. e4 c5 2. Nf3 Nc6 3. d4 cxd4 4. Nxd4 Nf6 5. Nc3 e5 6. Ndb5 d6 7. Bg5 a6 8. Na3 b5 9. Bxf6 gxf6 10. Nd5 f5 11. Bd3 Be6 12. O-O Bxd5 13. exd5 Ne7 14. Re1 Bg7 15. c3 O-O 16. Nc2 e4 17. Bf1 Ng6 18. Qh5 Qf6 19. Ne3 Ne7 20. f4 Rfb8 21. Rab1 a5 22. Red1 b4 23. c4 Rc8 24. Kf2 b3 25. a3 Kh8 26. g3 Qg6 27. Be2 Rc7 28. Rd2 Rg8 29. Qh3 Qf6 30. Rc1 Rc5 31. Rg1 Bh6 32. Qh5 Rg6 33. Bf1 Bg7 34. h4 a4 35. Bh3 Rh6 36. Qg5 Rg6 37. Qxf6 Rxf6 38. h5 Kg8 39. Rh1 Kf8 40. Bf1 Ng8 41. Be2 Nh6 42. Rh4 Ke7 43. Nd1 Ng8 44. Nc3 Rh6 45. Nxa4 Ra5 46. Nc3 Bxc3 47. bxc3 Nf6 48. Rb2 Rxa3 49. Ke3 Nd7 50. Rh1 Nc5 51. Rhb1 Kd7 52. Kf2 Kc7 53. Kg2 Nd3 54. Rd2 b2 55. Bxd3 exd3 56. Rdxb2 Ra7 57. Rh1 Ra3 58. Rhb1 Ra7 59. Re1 Kd7 60. Rh1 Rc7 61. Kf3 Rxc4 62. Rb7+ Ke8 63. Ra1 Kf8 64. Raa7 Rf6 65. h6 Rc8 66. Ke3 Kg8 67. Kxd3 Rxh6 68. Rxf7 Rg6 69. c4 Rxg3+ 70. Kd4 Re8 71. Rae7 Rxe7 72. Rxe7 Rf3 73. Rd7 Rxf4+ 74. Kc3 h5 75. Rxd6 h4 76. c5 Kg7 77. c6 Rf1 78. Kd2 Rf2+ 79. Kd3 Rf3+ 80. Kd4 Rf4+ 81. Kd3 Rf3+ 82. Ke2 Rc3 83. Rd7+ Kg6 84. c7 h3 85. Kf2 f4 86. Rd6+ Kg5 87. Rc6 h2 88. Kg2 f3+ 89. Kxh2 f2 90. Kg2 Rf3 91. Kf1 1-0

[Event "Israel Open Championship 2023"]
[Site "Acre"]
[Date "2024.01.28"]
[Round "8.9"]
[White "Efroimski, Marsel"]
[Black "Milikow, Yoav"]
[Result "1-0"]
[ECO "C43"]
[WhiteElo "2434"]
[BlackElo "2376"]
[Annotator "TA"]
[PlyCount "53"]
[EventDate "2024.01.18"]
[EventType "swiss"]
[EventCountry "ISR"]
[SourceTitle "playchess.com"]
[Source "ChessBase"]
[SourceQuality "1"]
[TimeControl "5400+30"]

1. e4 e5 2. Nf3 Nf6 3. d4 Nxe4 4. Bd3 Nc6 5. Nxe5 Nxe5 6. dxe5 Nc5 7. Bc4 d6 8. Qf3 {[%emt 0:03:31][%csl Gc4][%cal Rf3f7] [#] The position is equal.} Ne6 9. exd6 Bxd6 10. Nc3 O-O 11. Be3 {[%emt 0:00:13] Dodges Nd4} c6 12. O-O-O {[%emt 0:01:37] And now Ne4 would win.} Qc7 13. Ne4 Bf4 14. g3 Bxe3+ 15. Qxe3 Qb6 ({Better is} 15... b5 $14 16. Bb3 c5) 16. Qc3 Nc7 {[%emt 0:04:26] [#]} 17. Nc5 $1 {[%emt 0:10:18] Repels Be6. Hoping for Na4.} Nd5 18. Bxd5 cxd5 19. Rxd5 Qc6 {[%emt 0:01:22] Black is weak on the dark squares} 20. Rhd1 Qh6+ ({Black should try} 20... b6 21. Nd7 Qxc3 22. bxc3 Re8) 21. Qd2 $16 {[%emt 0:02:02] White is much more active. The black rooks are passive.} Qxh2 (21... Qc6 $16 22. Nd7 Re8) 22. Rd8 $18 {[%emt 0:01:21] Intending Rxf8+ and mate. White is clearly better.} Qh6 23. Qxh6 gxh6 24. Rxf8+ Kxf8 25. Rd8+ Ke7 26. Rh8 b6 27. Nd3 {[%emt 0:00:29] Weighted Error Value: White=0.02 (flawless) /Black=0.13 (very precise) .  Mistake:       	---       	Black=3      Inaccurate:     	---       	Black=2      OK:         	White=13    	Black=8      Best:        	White=1     	Black=2} 1-0

[Event "Israel Open Championship 2023"]
[Site "Acre"]
[Date "2024.01.28"]
[Round "8.10"]
[White "Steiner-Prozhanski, Giora"]
[Black "Ben Ari, Yannay"]
[Result "0-1"]
[ECO "E24"]
[WhiteElo "2229"]
[BlackElo "2417"]
[Annotator "TA"]
[PlyCount "80"]
[EventDate "2024.01.18"]
[EventType "swiss"]
[EventCountry "ISR"]
[SourceTitle "playchess.com"]
[Source "ChessBase"]
[SourceQuality "1"]
[TimeControl "5400+30"]

1. d4 Nf6 2. c4 e6 3. Nc3 Bb4 4. a3 Bxc3+ 5. bxc3 Nc6 6. f3 b6 7. e4 Ba6 8. Bg5 h6 9. Bh4 Na5 10. e5 g5 $1 {[%emt 0:01:51] The position is equal.} 11. Bf2 Nh5 12. h4 $1 Nf4 (12... Bxc4 $6 13. hxg5 Qxg5 (13... hxg5 $2 14. Bxc4 Nxc4 15. f4 $18) 14. Nh3 $16) (12... Nxc4 $2 13. Qa4 $18) 13. hxg5 Bxc4 (13... Qxg5 $11 14. g3 Ng6) 14. gxh6 (14. Rxh6 $6 Rxh6 15. gxh6 Qg5 $11) (14. Bxc4 $16 {Black must now prevent Bf1.} Nxc4 15. g3) 14... Bxf1 $11 (14... Qg5 $6 15. g3 Nd5 16. f4 $16) 15. Kxf1 {[%emt 0:00:18] [#] Ne2 would now be deadly.} Qg5 $36 {[%emt 0:00:21][%csl LRg2,LRh6][%mdl 2048] Black has good play.} 16. g3 Nd5 17. Qd3 Rxh6 18. Rxh6 Qxh6 19. c4 Ne7 20. Qe4 Rd8 21. Be3 ({Better is} 21. Qd3 $15) 21... Qg7 22. Nh3 $2 {[%emt 0:12:42] Now White is beyond hope.} (22. Ne2 $17) 22... Nf5 $19 (22... Nxc4 23. Bg5 $19) 23. Bf4 Nxg3+ (23... Qxg3 24. Ng5 Nxc4 25. Rc1 $19) 24. Bxg3 Qxg3 25. Qh7 {[%emt 0:06:03] Threatens to win with Qh8+.} Ke7 (25... Qxf3+ 26. Kg1 Qg4+ (26... Nxc4 $2 {is the wrong capture.} 27. Rf1 $18) 27. Kh1 $19) (25... Nxc4 $2 26. Qh8+ Ke7 27. Qf6+ Ke8 28. Ng5 $18 (28. Qh8+ Ke7 $18) (28. Qh8+ Ke7 $18)) 26. Ke2 Rg8 27. Rg1 Qh2+ 28. Kd3 {[%emt 0:00:43] [#] White threatens Qh4+ and mate.} Rf8 $1 {[%emt 0:01:57] ...c5 is the strong threat.} ({Stronger than} 28... Rxg1 29. Qh4+ Kf8 30. Qd8+ Kg7 31. Qf6+ Kg8 32. Qd8+ Kg7 33. Qf6+ Kg8 34. Qd8+ Kg7 $11) 29. Rg7 c5 30. Qh4+ $2 (30. Ng5 {nothing else works.} Qf4 31. Qe4 Qxe4+ 32. Kxe4) 30... Ke8 {[%emt 0:00:01] Strongly threatening ...Nb3.} 31. Rh7 Qa2 {[%emt 0:00:02] Hoping for ...Nb3.} 32. dxc5 Qxa3+ 33. Ke2 Qxc5 34. f4 Qxc4+ 35. Kf2 Nc6 36. Ng5 Nd4 37. Qh5 $2 (37. Rh8 Qa2+ 38. Kf1 Qc4+ 39. Kg2) 37... Qc2+ {[%emt 0:00:11] Black is clearly winning.} 38. Kf1 Qc1+ 39. Kg2 Qxf4 40. Rg7 Qxe5 {[%emt 0:00:54] Weighted Error Value: White=1.00/Black=0.61.  Loses game:     	White=1     	---        Mistake:       	White=4     	Black=1      Inaccurate:     	White=4     	Black=3      OK:         	White=8     	Black=9      Best:        	White=4     	Black=2      Strong:       	White=1     	Black=2} 0-1

[Event "Israel Open Championship 2023"]
[Site "Acre"]
[Date "2024.01.28"]
[Round "8.11"]
[White "Yaniv, Yuval"]
[Black "Kobo, Ori"]
[Result "0-1"]
[ECO "C02"]
[WhiteElo "2383"]
[BlackElo "2541"]
[Annotator "TA"]
[PlyCount "88"]
[EventDate "2024.01.18"]
[EventType "swiss"]
[EventCountry "ISR"]
[SourceTitle "playchess.com"]
[Source "ChessBase"]
[SourceQuality "1"]
[TimeControl "5400+30"]

1. e4 e6 2. d4 d5 3. e5 c5 4. c3 Nc6 5. Nf3 Bd7 6. Be2 Nge7 7. O-O Ng6 8. Be3 Be7 {[%emt 0:00:08] C02: French: Advance Variation.} 9. Nbd2 O-O 10. a3 a5 11. Re1 h6 $146 ({Predecessor:} 11... a4 12. g3 cxd4 13. cxd4 f6 14. exf6 Bxf6 15. Nb1 Nge7 16. Nc3 Nf5 17. Bd3 Be8 18. Bxf5 exf5 {0-1 Moussard,J (2625)-Fedoseev,V (2741) Wch Rapid Almaty 2022 (3)}) 12. g3 Rc8 13. Bd3 cxd4 14. cxd4 Be8 15. Qb1 f5 16. exf6 Rxf6 17. h4 (17. Qd1 $11) 17... Bd6 $15 18. Nh2 e5 (18... Nge7 $15) 19. Ng4 $11 e4 20. Nxf6+ Qxf6 21. Bxe4 dxe4 22. Nxe4 Qd8 (22... Qe7 $15) 23. h5 (23. Qd1 $1 $11) 23... Nf8 (23... Nge7 $15 24. Qd1 Bb8) 24. Qd1 $1 $11 Bb8 25. d5 Ne5 26. d6 Bf7 27. Bd4 Nc6 28. Bc3 Qd7 $1 29. Qf3 Nh7 $1 (29... Bxd6 $2 30. Nxd6 Bxh5 (30... Qxd6 $2 31. Qg4 $18) 31. Qxh5 $18) 30. Rad1 ({Better is} 30. b4 $1 $11) 30... Ba7 31. b4 axb4 32. axb4 Rf8 33. b5 Nd8 34. Bb2 $2 {[%emt 0:01:07] [#]} (34. Bd4 $15 Bxd4 35. Rxd4) 34... Bd5 $1 $19 35. Qc3 (35. Qxf8+ $142 Nxf8 36. Rxd5) 35... Bxe4 $19 36. b6 (36. Rxe4 $142 Ng5 (36... Bxf2+ $2 37. Kg2 $17) (36... Rxf2 37. b6 $11) 37. Qb3+ Kh8 38. Bxg7+ (38. Re2 $2 Bxf2+ 39. Rxf2 Nh3+ 40. Kg2 Nxf2 $19) 38... Qxg7 39. Re7 Bxf2+ 40. Kg2) 36... Bxb6 $19 (36... Ng5 37. Qxg7+ (37. Qb3+ $2 Kh8 $19) 37... Qxg7 38. Bxg7 Bxb6 (38... Kxg7 39. bxa7 Nc6 40. Re3 $17) (38... Nf3+ $2 39. Kf1 $19) 39. Bxf8 Nf3+ (39... Kxf8 $2 40. Kf1 $19) 40. Kf1 Nxe1 41. Bxh6 $19 (41. Rxe1 $2 Bd3+ 42. Kg1 Kxf8 $19)) 37. Rxe4 Bxf2+ (37... Rxf2 38. Qb3+ Rf7+ 39. Qxb6 $11) 38. Kg2 Ng5 39. Rg4 (39. Qxg7+ {keeps fighting.} Qxg7 40. Bxg7 Kxg7 (40... Nxe4 $2 41. Bxf8 Kxf8 42. Kf3 $19) 41. Re7+ Kg8 42. Re5) 39... Rf7 ({Stronger than} 39... Qxg4 40. Qxg7#) 40. Qc4 b5 ({Weaker is} 40... Bc5 41. Rxg5 hxg5 42. Qxc5 $11) 41. Qe2 Nde6 42. Qe5 Ba7 43. Bc1 Rf2+ 44. Kh1 {[%emt 0:00:00] [#]} Rh2+ (44... Qf7 $142 $3 45. Qd5 Rf1+ (45... Qxh5+ 46. Rh4 Qe2 47. Rg1 Nf3 48. Qh5 Rf1 49. Qe8+ Kh7 50. Rxh6+ gxh6 51. Qe7+ Kg8 52. Qe8+ Nf8 53. Qxf8+ Kxf8 54. Bxh6+ Kf7 55. Rxf1 Qxf1#) 46. Kh2 Qf2+ (46... Qxh5+ {gets mated.} 47. Rh4 Rf2+ 48. Kh1 Qe2 49. Rg1 Nf3 50. Qh5 Rf1 51. Qe8+ Kh7 52. Rxh6+ gxh6 53. Qe7+ Ng7 54. Qe4+ Qxe4 55. Rxf1 Ne1+ 56. Rf3 Qxf3+ 57. Kh2 Qh5#) 47. Qg2 Nf3+ (47... Rxd1 $2 48. Bxg5 Qxg2+ 49. Kxg2 $19) 48. Kh3 Qxg2+ (48... Rxd1 $2 49. Qxf2 Bxf2 50. Bxh6 $19) 49. Kxg2 Rf2+ 50. Kh3 Rh2#) 0-1